 Dungeon Crawl Stone Soup version 0.24-a0-537-g2d01d4ab0a (webtiles) character file.

Game seed: 7407939136129153871

62 Mithandil the Chopper (level 3, 0/33 HPs)
             Began as a Minotaur Berserker on Aug 13, 2019.
             Was a Believer of Trog.
             Slain by Sigmund
             ... wielding a +0 scythe
              (11 damage)
             ... on level 2 of the Dungeon.
             The game lasted 00:06:20 (2556 turns).

Mithandil the Chopper (Minotaur Berserker)          Turns: 2556, Time: 00:06:20

Health: 0/33       AC:  5    Str: 22    XL:     3   Next: 85%
Magic:  2/2        EV: 11    Int:  4    God:    Trog [**....]
Gold:   150        SH:  0    Dex:  9    Spells: 2/2 levels left

rFire    . . .     SeeInvis .   a - +0 hand axe
rCold    . . .     Gourm    .   (no shield)
rNeg     . . .     Faith    .   r - +0 ring mail
rPois    .         Spirit   .   (helmet restricted)
rElec    .         Reflect  .   (no cloak)
rCorr    .         Harm     .   (no gloves)
MR       .....                  (no boots)
Stlth    ..........             (no amulet)
HPRegen  0.11/turn              (no ring)
MPRegen  0.08/turn              (no ring)

@: berserk cooldown, slowed, very slow
A: retaliatory headbutt, horns 2
a: Berserk, Trog's Hand, Renounce Religion


You were on level 2 of the Dungeon.
You worshipped Trog.
Trog was pleased with you.
You were hungry.

You visited 1 branch of the dungeon, and saw 3 of its levels.

You collected 150 gold pieces.

Inventory:

Hand Weapons
 a - a +0 hand axe (weapon)
 b - a +0 spear
Missiles
 d - 7 stones (quivered)
 l - 13 sling bullets
 o - 10 arrows
 p - 11 poisoned darts
Armour
 r - a +0 ring mail (worn)
Scrolls
 e - a scroll of fear {unknown}
 f - 2 scrolls of remove curse {unknown}
 g - a scroll of noise {unknown}
 h - a scroll of identify {unknown}
 k - a scroll of amnesia {unknown}
 q - a scroll of fog {unknown}
 s - a scroll of random uselessness {unknown}
 t - 3 scrolls of teleportation {unknown}
Potions
 i - a potion of agility {unknown}
 j - a potion of degeneration {unknown}
 n - a potion of lignification {unknown}
Comestibles
 c - 5 rations
 m - a chunk of flesh


   Skills:
 + Level 4.0 Fighting
 * Level 4.5 Axes
 + Level 1.1 Throwing
 + Level 3.0 Armour
 + Level 2.7 Dodging


You had 2 spell levels left.
You didn't know any spells.
Your spell library was empty.

Dungeon Overview and Level Annotations

Branches:
Dungeon (3/15)

Altars:
Elyvilon
Fedhas

Annotations:
D:2 Sigmund


Innate Abilities, Weirdness & Mutations

You reflexively headbutt those who attack you in melee.
You have a pair of horns on your head.


Message History

You closely miss Sigmund. Sigmund closely misses you.
Sigmund gestures at you while chanting. The puff of flame hits you.
Sigmund casts a spell at you. The puff of flame hits you!
You feel less confused. Sigmund casts a spell at you.
You are confused.
You're too confused to move!
Sigmund points at you and mumbles some strange words.
You resist with significant effort. Sigmund closely misses you.
You bump into the rock wall.
Sigmund hits you with a +0 scythe.
You bump into the rock wall.
Sigmund hits you with a +0 scythe!
You closely miss Sigmund.
You feel less confused. Sigmund closely misses you.
You slash Sigmund! Your headbutt misses Sigmund.
Sigmund is moderately wounded.
Sigmund hits you with a +0 scythe!
You die...

#.#.#..[.......####.######.....#.
#.#.#.......<..............#####.
#.#............###..########.....
#.#........................#.####
#.#..............>.........#.#
..##..........#..#.).......#.####
######..##.....#.#.##.####....รท..
######.#....#####..##.# #######.
#...........#..@@..##.# #.
..#####.....#.####.##.# #. ###
##....#.##.#.##.##### #.
###########.#..#..#.#...# #.
###...........#..##...#.#.# #.
....###########...#...#.#.# #.
###########...#.......#.#.# #.
#...#....####...<#.#.#.# #.
####.#.).#### #....#.#.#.# ##


You could see Sigmund.

Vanquished Creatures
  2 adders (D:2)
  2 worms (D:2)
  A dart slug (D:1)
  A leopard gecko (D:2)
  An orc (D:2)
  A ball python (D:2)
  2 bats
  4 goblins
  2 hobgoblins (D:1)
  4 jackals
  4 frilled lizards
  6 kobolds (D:1)
  4 rats
34 creatures vanquished.

Notes
Turn   | Place    | Note
-------+----------+-------------------------------------------
     0 | D:1      | Mithandil the Minotaur Berserker began the quest for the
                  | Orb.
     0 | D:1      | Reached XP level 1. HP: 19/19 MP: 0/0
   360 | D:1      | Reached XP level 2. HP: 27/27 MP: 1/1
  1652 | D:2      | Reached XP level 3. HP: 32/33 MP: 2/2
  1694 | D:3      | Reached skill level 1 in Throwing
  2012 | D:2      | Found a white marble altar of Elyvilon.
  2161 | D:2      | Reached ** piety under Trog
  2291 | D:2      | Found a blossoming altar of Fedhas.
  2308 | D:2      | Noticed Sigmund
  2556 | D:2      | Slain by Sigmund

Levels and vault maps discovered:
D:1:      saegor_arrival_simple_d, layout_basic
D:2:      layout_rooms, elyvilon_altar_5, serial_co_window_serial,
          co_window_corner_a, co_window_paths_b, co_window_paths_a,
          co_window_corner_a, co_window_corner_a, co_window_corner_cb,
          co_window_paths_c, co_window_unsneaky_path_e, co_window_2corner,
          co_window_paths_c, co_window_corner_b, co_window_paths_e,
          glass_columns_c, fedhas_altar_2, uniq_sigmund
D:3:      layout_basic, lemuel_doored_altar, first_ration

Skill      XL: |  1  2  3 |
---------------+----------+-----
Axes           | 4 |  4.5
Throwing       | 1 |  1.1
Fighting       | 4 |  4.0
Armour         | 3 |  3.0
Dodging        | |  2.7

Action                   || total
-------------------------++-------
Melee: Hand axe          ||    79
       Headbutt          ||    10
Invok: Berserk           ||     1
  Eat: Chunk             ||     5
Armor: Animal skin       ||    10
       Leather armour    ||     3
       Ring mail         ||     2
Dodge: Dodged            ||    51

Table legend:
 A = Non-vault XP
 B = Vault XP
 C = Vault XP percentage of total XP
 D = Non-vault monster count
 E = Vault monster count
 F = Vault count percentage of total count
                 A         B        C        D         E       F
            +---------+---------+-------+---------+---------+-------
      Total |      89 |       0 |   0.0 |      34 |       0 |   0.0
            +---------+---------+-------+---------+---------+-------
        D:1 |      34 |       0 |   0.0 |      21 |       0 |   0.0
        D:2 |      52 |       0 |   0.0 |      11 |       0 |   0.0
        D:3 |       3 |       0 |   0.0 |       2 |       0 |   0.0
            +---------+---------+-------+---------+---------+-------
